 Dungeon Crawl Stone Soup version 0.27.1-33-g824d729ab1 (webtiles) character file.

Game seed: 1410521687028143514

5446 guntergyo the Transmogrifier (level 10, -2/75 HPs)
             Began as an Octopode Transmuter on Dec 4, 2021.
             Was a Follower of Ashenzari.
             Slain by an orc warrior (16 damage)
             ... on level 9 of the Dungeon.
             The game lasted 00:31:49 (12571 turns).

guntergyo the Transmogrifier (Octopode Transmuter) Turns: 12571, Time: 00:31:50

Health: -2/75      AC:  8    Str: 11    XL:     10   Next: 68%
Magic:  14/17      EV: 16    Int: 17    God:    Ashenzari [*.....]
Gold:   543        SH:  0    Dex: 13    Spells: 4/18 levels left

rFire    x . .     SeeInvis .     - Unarmed
rCold    + + +     Faith    .   (shield currently unavailable)
rNeg     . . .     Spirit   .   (helmet currently unavailable)
rPois    +         Reflect  .   (no amulet)
rElec    .         Harm     .   o - ring "Comet of the Sky" {Wiz, Bglg, Cun} (curse)
rCorr    .         Rampage  .   w - ring of Ashenzari's Burden {EV+4, Cun, Bglg} (curse)
Will     .....                  C - ring of Curses and Power {rC+, Fort, Evo} (curse)
Stlth    +++.......             q - ring of flight
HPRegen  0.22/turn              (no ring)
MPRegen  0.15/turn              (no ring)
                                (no ring)
                                (no ring)

@: ice-form, wereblooded, flying
A: freezing attack, boosted hp, almost no armour, amphibious, 8 rings, large,
(camouflage 1), (gelatinous body 1), (nimble swimmer 1), (tentacles)
a: End Transformation, Renounce Religion, Shatter the Chains


You were on level 9 of the Dungeon.
You worshipped Ashenzari.
Ashenzari was aware of your devotion.
You were a creature of crystalline ice.
You visited 2 branches of the dungeon, and saw 10 of its levels.

You collected 543 gold pieces.

Inventory:

Hand Weapons
 l - a +2 dagger of venom (melded)
 x - a +0 halberd of freezing
Missiles
 e - 36 bolts
 h - 158 stones
 E - a throwing net
 G - 20 poisoned darts
Armour
 t - a +0 buckler
Jewellery
 o - the cursed ring "Comet of the Sky" (left front paw) {Wiz, Bglg, Cun}
   (You found it on level 3 of the Dungeon)

   [ring of wizardry]

   It improves your spell success rate.
   It has a curse which improves the following skills: Beguiling: Conjurations,
   Hexes and Translocations.
   Cunning:   Dodging and Stealth.
 q - a ring of flight (on tentacle)
 w - the cursed ring of Ashenzari's Burden (right front paw) {EV+4, Cun, Bglg}
   (You took it off a hobgoblin on level 4 of the Dungeon)

   [ring of evasion]

   EV:        It affects your evasion (+4).
   It has a curse which improves the following skills: Cunning: Dodging and
   Stealth.
   Beguiling: Conjurations, Hexes and Translocations.
 C - the cursed ring of Curses and Power (on tentacle) {rC+, Fort, Evo}
   (You found it on level 7 of the Dungeon)

   [ring of protection from cold]

   rC:        It protects you from cold.
   It has a curse which improves the following skills: Fortitude: Shields.
   Evocations: Evocations.
Wands
 I - a wand of acid (6)
Scrolls
 a - a scroll of fear
 d - a scroll of silence
 f - a scroll of enchant armour
 i - 2 scrolls of noise
 j - 2 scrolls of teleportation
 m - a scroll of blinking
 p - a scroll of enchant weapon
 s - a scroll of summoning
 u - a scroll of holy word
 y - a scroll of brand weapon
 B - a scroll of fog
 D - 4 scrolls of identify
Potions
 b - a potion of magic
 c - a potion of flight
 g - 4 potions of mutation
 k - a potion of haste
 n - 2 potions of berserk rage
 r - 3 potions of degeneration
 v - 2 potions of might
 z - 2 potions of brilliance
 A - 2 potions of lignification
 H - 2 potions of attraction


   Skills:
 + Level 4.0 Fighting
 + Level 4.4(6.0) Dodging
 - Level 4.4(5.9) Stealth
 * Level 5.3 Unarmed Combat
 + Level 4.9 Spellcasting
 * Level 8.8 Transmutations
 * Level 7.2 Ice Magic
 + Level 6.0 Poison Magic


You had 4 spell levels left.
You knew the following spells:

 Your Spells              Type           Power      Damage    Failure   Level
a - Beastly Appendage     Tmut           68%        N/A       1%          1
b - Wereblood             Tmut           34%        N/A       1%          2
c - Spider Form           Tmut/Pois      14%        N/A       1%          3
d - Ice Form              Ice/Tmut       31%        N/A       2%          4
e - Olgreb's Toxic Radia  Pois           24%        N/A       4%          4

Your spell library contained the following spells:

 Spells                   Type           Power      Damage    Failure   Level
 Mephitic Cloud           Conj/Pois/Air  11%        N/A       8%          3
 Static Discharge         Conj/Air       4%         N/A       9%          2
 Conjure Flame            Conj/Fire      4%         6-21      16%         3
 Dazzling Flash           Conj/Hex       8%         N/A       16%         3
 Ozocubu's Refrigeration  Ice            14%        4d7       91%         7
 Ignition                 Fire           2%         3d3       100%        8


Dungeon Overview and Level Annotations

Branches:
Dungeon (9/15)             Temple (1/1) D:7
   Lair: D:8-11         Orc: D:9-12

Altars:
Ashenzari
Cheibriados
Dithmenos
Elyvilon
Fedhas
Gozag
Hepliaklqana
Kikubaaqudgha
Makhleb
Nemelex Xobeh
Okawaru
Qazlal
Ru
Sif Muna
Trog
Uskayaw
Vehumet
Wu Jian
Xom
Yredelemnul
Zin
The Shining One

Shops:
D:3 (   D:9 *

Annotations:
D:4 exclusion: necrophage
D:5 2 transporters, glosham's ghost, novice DjEn
D:7 Maggie
D:9 exclusion: sensed monster (detected)


Innate Abilities, Weirdness & Mutations

You are a creature of crystalline ice.
You have a powerful freezing melee attack.
Your maximum health is increased.
Your armour is entirely melded.
You are incapable of wielding weapons or throwing items.
You cannot wear most types of armour.
You are amphibious.
You can wear up to eight rings at the same time.
((Your skin changes colour to match your surroundings (Stealth+).))
((Your rubbery body absorbs attacks. (AC +1, EV +1)))
((You are camouflaged near water. (Stealth+)))
((You have tentacles for arms and can constrict up to eight enemies at once.))


Message History

The orc priest hits you with a +0 dagger.
The orc wizard hits you with a +0 dagger.
The orc warrior misses you.
You barely miss the orc wizard.
The orc wizard is heavily wounded.
The orc priest calls down the wrath of Beogh upon you.
Beogh smites you!
The orc wizard hits you with a +0 dagger.
The orc warrior barely misses you.
You punch the orc wizard! You freeze the orc wizard.
You feel a bit better.
You kill the orc wizard!
The orc priest barely misses you. The orc warrior barely misses you.
You hit the orc priest but do no damage.
The orc priest hits you with a +0 dagger.
The orc warrior barely misses you.
You punch the orc priest! You freeze the orc priest.
The orc priest is severely wounded.
The orc priest misses you.
The orc warrior hits you with a +0 morningstar.
You barely miss the orc priest.
The orc priest is severely wounded.
The orc priest calls upon Beogh to heal the orc warrior.
The orc warrior is healed somewhat.
The orc warrior hits you with a +0 morningstar.
You hit the orc priest but do no damage.
The orc priest is severely wounded.
The orc priest barely misses you.
You hit the orc priest but do no damage.
The orc priest is severely wounded.
The orc warrior hits you with a +0 morningstar!
The orc priest closely misses you.
You hit the orc priest. You freeze the orc priest.
The orc priest is severely wounded.
You howl as the wereblood boils in your veins!
The orc warrior hits you with a +0 morningstar!
* * * LOW HITPOINT WARNING * * *
You hit the orc priest. You freeze the orc priest.
You feel a bit better.
You kill the orc priest!
The orc warrior hits you with a +0 morningstar!
You die...

.#+..≈.≈..#####.#...####
.#.≈.≈.≈.≈.#............
#.≈.....≈.'............
#.≈.....≈.#..).........
#.#..≈..#.#............
#≈.≈.≈#.#............
#≈.≈.≈####...##...##.
#≈...≈####...##...##.
#.._. #.....$Y)......
#### #......)o......
................
..####+###...### . ...#
....# ...# ...#


You could see an orc warrior.

Vanquished Creatures
  Pikel (D:7)
  A wraith (D:9)
  2 wyverns (D:8)
  Grum (D:8)
  A steam dragon (D:8)
  A vampire mosquito (D:6)
  2 water moccasins
  An orc warrior (D:9)
  2 ice beasts (D:6)
  A necrophage (D:8)
  3 black bears
  3 centaurs
  An ogre (D:3)
  4 wolves
  A phantom (D:6)
  A lemure (D:7)
  2 bullfrogs
  3 scorpions
  A water moccasin skeleton (D:6)
  3 killer bees (D:9)
  12 wights
  An electric eel (D:7)
  3 centaur zombies (D:8)
  5 hounds
  3 jellies
  5 gnoll shamans
  5 orc priests
  A centaur skeleton (D:7)
  6 iguanas
  9 orc wizards
  A hound skeleton (D:4)
  A howler monkey zombie (D:5)
  13 gnolls
  2 howler monkey skeletons
  6 adders
  A shadow imp (D:6)
  2 white imps
  2 ufetubi
  A worm (D:2)
  6 dart slugs
  20 orcs
  5 endoplasms
  3 giant cockroaches
  9 goblins
  6 hobgoblins
  9 kobolds
  3 quokkas
  6 ball pythons
  4 bats
  7 frilled lizards
  5 rats
  A butterfly (D:7)
198 creatures vanquished.

Vanquished Creatures (others)
  2 plants (D:7)
2 creatures vanquished.

Grand Total: 200 creatures vanquished

Notes
Turn   | Place    | Note
-------+----------+-------------------------------------------
     0 | D:1      | guntergyo the Octopode Transmuter began the quest for the
                  | Orb.
     0 | D:1      | Reached XP level 1. HP: 13/13 MP: 3/3
   169 | D:1      | Reached XP level 2. HP: 9/18 MP: 5/5
   583 | D:1      | Learned a level 2 spell: Wereblood
   709 | D:1      | Reached skill level 3 in Transmutations
   713 | D:1      | Reached XP level 3. HP: 22/23 MP: 4/6
   957 | D:1      | Found a faded altar of an unknown god.
  1540 | D:2      | Learned a level 3 spell: Spider Form
  1608 | D:2      | Reached XP level 4. HP: 25/28 MP: 4/7
  1757 | D:2      | Reached skill level 1 in Poison Magic
  2334 | D:3      | Reached skill level 4 in Transmutations
  2334 | D:3      | Reached XP level 5. HP: 22/33 MP: 7/9
  2483 | D:3      | Found Ferchim's Weapon Shop.
  2663 | D:3      | Found a shimmering blue altar of Sif Muna.
  2665 | D:3      | Found a hazy altar of Hepliaklqana.
  2680 | D:3      | Found a sacrificial altar of Ru.
  3671 | D:4      | Noticed an ogre
  3681 | D:3      | Killed an ogre
  3682 | D:3      | Reached XP level 6. HP: 38/38 MP: 7/10
  3687 | D:3      | Learned a level 4 spell: Ice Form
  3787 | D:4      | Reached skill level 1 in Ice Magic
  4045 | D:4      | Noticed a necrophage
  4215 | D:4      | Reached skill level 5 in Transmutations
  4411 | D:5      | Entered Level 5 of the Dungeon
  4896 | D:5      | Reached XP level 7. HP: 38/43 MP: 8/11
  5059 | D:5      | Found a transporter.
  5062 | D:5      | Noticed glosham's ghost (novice DjEn)
  5074 | D:5      | Found a transporter.
  6575 | D:6      | Reached skill level 6 in Transmutations
  6847 | D:6      | Reached XP level 8. HP: 32/48 MP: 8/12
  7182 | D:6      | Found a blossoming altar of Fedhas.
  7200 | D:6      | Reached skill level 1 in Stealth
  7520 | D:6      | Reached skill level 7 in Transmutations
  7520 | D:6      | Reached skill level 5 in Ice Magic
  7532 | D:6      | Reached XP level 9. HP: 48/54 MP: 12/14
  7609 | D:6      | Learned a level 4 spell: Olgreb's Toxic Radiance
  8329 | D:7      | Noticed Pikel
  8343 | D:7      | Killed Pikel
  8344 | D:7      | Found a staircase to the Ecumenical Temple.
  8369 | Temple   | Entered the Ecumenical Temple
  8618 | Temple   | Became a worshipper of Ashenzari the Shackled
  8806 | D:7      | Reached skill level 5 in Poison Magic
  9276 | D:7      | Found a white marble altar of Elyvilon.
  9652 | D:7      | Noticed Maggie
 10360 | D:8      | Reached skill level 8 in Transmutations
 10421 | D:8      | Reached * piety under Ashenzari
 10452 | D:8      | Reached XP level 10. HP: 63/63 MP: 12/16
 10901 | D:8      | Noticed Grum
 11045 | D:8      | Killed Grum
 11477 | D:8      | Identified Buuggomo's Handbook of Damaging Weightlessness
 11847 | D:8      | Reached skill level 5 in Unarmed Combat
 12374 | D:9      | Found Mufoler's Gadget Gallery.
 12540 | D:9      | Found a hide-covered altar of Uskayaw.
 12571 | D:9      | Slain by an orc warrior

Illustrated notes

Levels and vault maps discovered:
D:1:      lightli_arrival_farm, layout_loops_ring,
          ebering_ecumenical_altar_abandoned
D:2:      layout_rooms, minmay_misc_feat_hallway, kennysheep_generic_room_2
D:3:      layout_loops_cross, gammafunk_temple_overflow_forgotten, serial_shops,
          shop_statue
D:4:      layout_basic
D:5:      layout_loops_corners, gammafunk_ghost_stat_death, minmay_fountain_box
D:6:      cheibrodos_barr_body, layout_basic, mainiacjoe_overflow_24_doors
D:7:      layout_layer_cave, nicolae_elyvilon_temple_path,
          minmay_temple_entry_grid, hangedman_glass_garden, uniq_pikel,
          uniq_maggie
D:8:      layout_basic, mrwooster_statue_mirror, uniq_grum
D:9:      layout_gridville, nicolae_uskayaw_suspiria, nicolae_shop_gadgets,
          uniq_psyche
Temple:   nicolae_temple_elliptical

Skill      XL: |  1  2  3  4  5  6  7  8  9 10 |
---------------+-------------------------------+-----
Transmutations | 3 4 5 6 7 8 |  8.8
Poison Magic   | 2 3 4 5 6 |  6.0
Spellcasting   | 3 4 |  4.9
Ice Magic      | 2 4 5 6 7 |  7.2
Stealth        | 2 4 |  4.4
Fighting       | 2 3 4 |  4.0
Dodging        | 3 4 |  4.4
Unarmed Combat | 4 5 |  5.3

Action                   |  1- 3 |  4- 6 |  7- 9 | 10-12 || total
-------------------------+-------+-------+-------+-------++-------
Melee: Unarmed           |    91 |    78 |   273 |   161 ||   603
       Kick              |    18 |    17 |       |       ||    35
       Constrict         |    26 |    16 |     1 |       ||    43
       Tentacles         |    16 |    11 |     2 |       ||    29
       Dagger            |       |    45 |     9 |     6 ||    60
       Punch             |       |     2 |       |       ||     2
Throw: Stone             |       |       |     2 |       ||     2
       Dart              |       |       |       |     2 ||     2
 Cast: Beastly Appendage |    24 |    15 |     1 |       ||    40
       Wereblood         |     3 |     3 |    13 |     9 ||    28
       Spider Form       |       |    12 |    13 |       ||    25
       Ice Form          |       |       |    21 |    13 ||    34
Invok: Curse Item        |       |       |     2 |     1 ||     3
Evoke: Wand              |       |       |       |     1 ||     1
  Use: Scroll            |       |     8 |     2 |       ||    10
       Potion            |       |       |     1 |     2 ||     3
 Stab: Sleeping          |     4 |     7 |     2 |     2 ||    15
Armor: Skin              |     5 |     4 |    50 |    47 ||   106
Dodge: Dodged            |    48 |    75 |   203 |   123 ||   449
